 Dungeon Crawl Stone Soup version 0.23.0 (webtiles) character file.

Game seed: 6019586534613477500

74 teukkam the Covered (level 4, -1/61 HPs)
             Began as a Minotaur Fighter on Feb 8, 2019.
             Succumbed to a scorpion's poison
             ... on level 4 of the Dungeon.
             The game lasted 00:01:58 (489 turns).

teukkam the Covered (Minotaur Fighter)               Turns: 489, Time: 00:01:59

Health: -1/61      AC: 22    Str: 26    XL:     4   Next: 10%
Magic:  12/12      EV:  2    Int:  5    God:
Gold:   84         SH: 10    Dex: 10    Spells: 3/3 levels left

rFire    . . .     SeeInvis .   a - +0 war axe
rCold    . . .     Gourm    .   c - +0 shield
rNeg     + + +     Faith    .   (armour currently unavailable)
rPois    +         Spirit   .   (helmet currently unavailable)
rElec    .         Reflect  .   (cloak currently unavailable)
rCorr    .         Harm     .   (gloves currently unavailable)
MR       .....     NoTele   +   (boots currently unavailable)
Stlth    +.........             (no amulet)
HPRegen  0.20/turn              j - ring of magical power
MPRegen  0.13/turn              (no ring)

@: mighty, lethally poisoned (-1 -> -21), tree-form
A: (retaliatory headbutt)
a: no special abilities


You were on level 4 of the Dungeon.
You were not hungry.
You were a tree.
You visited 1 branch of the dungeon, and saw 6 of its levels.

You collected 84 gold pieces.

Inventory:

Hand Weapons
 a - a +0 war axe (weapon)
Missiles
 i - 7 poisoned needles
Armour
 b - a +0 scale mail (melded)
 c - a +0 shield (worn)
Jewellery
 j - a ring of magical power (left branch)
Wands
 h - a wand of digging (5)
Scrolls
 g - a scroll of noise {unknown}
Comestibles
 f - 5 rations


   Skills:
 + Level 4.3 Fighting
 + Level 3.3 Axes
 + Level 4.3 Armour
 + Level 4.3 Shields


You had 3 spell levels left.
You didn't know any spells.
Your spell library contained the following spells:

 Spells                   Type           Power        Failure   Level  Hunger
 Animate Skeleton         Necr           N/A          91%         1    ##.....
 Apportation              Tloc           #.....       91%         1    ##.....
 Confusing Touch          Hex            #.....       91%         1    ##.....
 Summon Small Mammal      Summ           #...         91%         1    ##.....


Dungeon Overview and Level Annotations

Branches:
Dungeon (6/15)
 Temple: D:4-7

Altars:


Innate Abilities, Weirdness & Mutations

((You reflexively headbutt those who attack you in melee.))
((You have a pair of horns on your head.))


Message History

You feel sick.
The scorpion stings you but does no damage.
The worm barely misses you.
You slash the worm!
You kill the worm!
Your Axes skill increases to level 3!
You closely miss the scorpion.
* * * LOW HITPOINT WARNING * * *
You feel very sick.
The scorpion stings you but does no damage. x2
You slash the scorpion!
You kill the scorpion!
You have reached level 3!
Your experience leads to an increase in your attributes!
Your base attributes are Str 20, Int 5, Dex 9.
Increase (S)trength, (I)ntelligence, or (D)exterity?
You feel stronger.
You have reached level 4!
You feel agile.
You die...

#..# #.... ..#######..###.###
#.#...............
..#..####..###.#.# #
#.+..####..###.#.#
#...#..#.(.......#.#
#.#.#....###.#######
#...#...............
###♣#....#..>...###. #.
#...#....#.##...##.. #.####
#.#.####.#.##.......
#....#######...####+#.........#
#..........#.#.#......####.####
#..........#...#)..........# #
#....>.....#.#.#......###### #
#..........#...#....[.# #
#..........###.#.###### #


There were no monsters in sight!

Vanquished Creatures
  A scorpion (D:4)
  An adder (D:5)
  An adder skeleton (D:4)
  A worm (D:4)
  A dart slug (D:1)
  A ball python (D:2)
  2 giant cockroaches
  A kobold (D:1)
  2 bats
  A leopard gecko skeleton (D:4)
  A rat (D:3)
13 creatures vanquished.

Notes
Turn   | Place    | Note
-------+----------+-------------------------------------------
     0 | D:1      | teukkam the Minotaur Fighter began the quest for the Orb.
     0 | D:1      | Reached XP level 1. HP: 19/19 MP: 0/0
    72 | D:2      | You fall through a shaft for 2 floors!
    92 | D:3      | Reached XP level 2. HP: 25/27 MP: 1/1
   162 | D:5      | Entered Level 5 of the Dungeon
   260 | D:6      | Noticed a phantom
   478 | D:4      | Noticed a scorpion
   488 | D:4      | HP: 1/40 [poisoned by a scorpion]
   489 | D:4      | Killed a scorpion
   489 | D:4      | Reached XP level 3. HP: 2/34 MP: 2/2
   489 | D:4      | Reached XP level 4. HP: 2/41 MP: 3/3
   489 | D:4      | Succumbed to a scorpion's poison

Skill      XL: |  1  2 |
---------------+-------+-----
Armour         | 4 |  4.3
Shields        | 4 |  4.3
Fighting       | 4 |  4.3
Axes           | 3 |  3.3

Action                   |  1- 3 |  4- 6 || total
-------------------------+-------+-------++-------
Melee: War axe           |    37 |       ||    37
       Headbutt          |     6 |       ||     6
  Use: Scroll            |     2 |       ||     2
       Potion            |     2 |       ||     2
Armor: Scale mail        |    23 |       ||    23
       Skin              |     5 |       ||     5
Dodge: Dodged            |     7 |       ||     7
Block: Shield            |    21 |       ||    21
